 Dungeon Crawl Stone Soup version 0.20.1-1-g8b1a95d (webtiles) character file.

16414 Syrinius the Destroyer (level 12, -4/106 HPs)
             Began as a Red Draconian Conjurer on July 19, 2017.
             Was a High Priest of Sif Muna.
             Slain by an orc warrior
             ... wielding a +0 vampiric war axe
             ... led by an orc knight
              (19 damage)
             ... on level 11 of the Dungeon.
             The game lasted 02:39:21 (14181 turns).

Syrinius the Destroyer (Red Draconian Conjurer)    Turns: 14181, Time: 02:39:22

Health: -4/106     AC: 13    Str: 11    XL:     12   Next: 9%
Magic:  0/21       EV: 16    Int: 23    God:    Sif Muna [*****.]
Gold:   678        SH:  0    Dex: 12    Spells: 16/27 levels left

rFire    + + .     SeeInvis .   l - +0 spear
rCold    . . .     Gourm    .   (no shield)
rNeg     + . .     Faith    .   (armour unavailable)
rPois    +         Spirit   .   u - +2 hat
rElec    +         Reflect  .   B - +0 cloak of Autotheism {rElec rN+ Int+3}
rCorr    .         Harm     .   (no gloves)
MR       .....                  N - +1 pair of boots
Stlth    +++.......             v - amulet of regeneration
Regen    0.7/turn               s - ring of wizardry
MPRegen  0.2/turn               m - +4 ring of slaying

@: short of breath, no casting
A: breathe fire, unfitting armour, beak, stinger 1, camouflage 1, blink, fire
resistance 2, low mp 1, poison resistance, evolution 1, cold-blooded, AC +8
a: Breathe Fire, Blink, Stop Divine Energy, Channel Magic, Forget Spell,
Renounce Religion


You were on level 11 of the Dungeon.
You worshipped Sif Muna.
Sif Muna was extremely pleased with you.
You were very hungry.

You visited 2 branches of the dungeon, and saw 13 of its levels.

You collected 678 gold pieces.

Inventory:

Hand Weapons
 l - a +0 spear (weapon)
 I - a +0 trident
Armour
 u - a +2 hat (worn)
 B - the +0 cloak of Autotheism (worn) {rElec rN+ Int+3}
   (You found it on level 4 of the Dungeon)

   It affects your intelligence (+3).
   It insulates you from electricity.
   It protects you from negative energy.
 N - a +1 pair of boots (worn)
Jewellery
 m - a +4 ring of slaying (right hand)
 s - a ring of wizardry (left hand)
 v - an amulet of regeneration (around neck)
 y - an uncursed ring of see invisible
Wands
 g - a wand of confusion (34/48)
 z - a wand of random effects (27/48)
 F - a wand of iceblast (8/15)
 G - a wand of disintegration (15/24)
 H - a wand of polymorph (8/24)
Scrolls
 c - 3 scrolls of immolation
 e - 4 scrolls of blinking {unknown}
 h - 3 scrolls of magic mapping
 i - 3 scrolls of teleportation
 n - 2 scrolls of recharging {unknown}
 p - 3 scrolls of enchant weapon
 q - 3 scrolls of amnesia {unknown}
 r - 3 scrolls of identify
 t - a scroll of acquirement {unknown}
 w - 2 scrolls of fear {unknown}
 x - 2 scrolls of noise {unknown}
 D - 2 scrolls of enchant armour {unknown}
 J - 4 scrolls of remove curse
Potions
 d - a potion of agility
 j - 3 potions of lignification
 k - 4 potions of brilliance
 o - 3 potions of might
 C - 2 potions of curing
 E - a potion of heal wounds
 K - 2 potions of mutation
 L - a potion of ambrosia
 P - a potion of flight
Books
 a - a book of Conjurations

   Spells                             Type                      Level
   a - Magic Dart                     Conjuration                  1
   b - Searing Ray                    Conjuration                  2
   c - Dazzling Spray                 Conjuration/Hexes            3
   d - Fulminant Prism                Conjuration/Hexes            4
   e - Force Lance                    Conjuration/Translocation    4
   f - Iskenderun's Mystic Blast      Conjuration                  4
 A - a book of Changes

   Spells                             Type                      Level
   a - Beastly Appendage              Transmutation                1
   b - Sticks to Snakes               Transmutation                2
   c - Spider Form                    Transmutation/Poison         3
   d - Ice Form                       Ice/Transmutation            4
   e - Blade Hands                    Transmutation                5
 O - a book of Misfortune

   Spells                             Type                      Level
   a - Confusing Touch                Hexes                        1
   b - Confuse                        Hexes                        3
   c - Gell's Gravitas                Translocation                3
   d - Petrify                        Transmutation/Earth          4
   e - Metabolic Englaciation         Hexes/Ice                    5
   f - Yara's Violent Unravelling     Hexes/Transmutation          5
Comestibles
 b - 12 bread rations
 f - 9 meat rations
 M - 2 royal jellies
 Q - 4 fruits
 R - a chunk of flesh


   Skills:
 + Level 9.7 Fighting
 + Level 7.1 Polearms
 + Level 8.5 Dodging
 - Level 1.7 Stealth
 + Level 8.4 Spellcasting
 + Level 10.6 Conjurations
 + Level 3.1 Translocations


You had 16 spell levels left.
You knew the following spells:

 Your Spells              Type           Power        Failure   Level  Hunger
a - Magic Dart            Conj           ####         1%          1    None
b - Searing Ray           Conj           ######       1%          2    None
c - Iskenderun's Mystic   Conj           ######..     1%          4    ##.....
d - Force Lance           Conj/Tloc      #####...     1%          4    ##.....


Dungeon Overview and Level Annotations

Branches:
Dungeon (12/15)            Temple (1/1) D:6            Lair (0/6) D:8
    Orc (0/2) D:11

Altars:
Ashenzari
Cheibriados
Dithmenos
Elyvilon
Fedhas
Gozag
Hepliaklqana
Kikubaaqudgha
Makhleb
Nemelex Xobeh
Okawaru
Qazlal
Ru
Sif Muna
Trog
Uskayaw
Vehumet
Xom
Yredelemnul
Zin
The Shining One

Shops:
D:7 *   D:9 %

Annotations:
D:11 Snorg


Innate Abilities, Weirdness & Mutations

You can breathe blasts of fire.
Your fiery red scales are hard. (AC +8)
You cannot fit into any form of body armour.
Your flesh is very heat resistant. (rF++)
You are cold-blooded and may be slowed by cold attacks.
You have a beak for a mouth.
Your tail ends in a poisonous barb.
Your skin changes colour to match your surroundings (Stealth+).
You can translocate small distances at will.
Your magical capacity is low. (-10% MP)
Your system is resistant to poisons. (rPois)
You evolve.


Message History

Snorg is severely wounded.
You regain access to your magic.
Snorg is engulfed in blazing flames.
Snorg completely misses you. Snorg misses you. Snorg closely misses you.
Casting: Force Lance
Confirm with . or Enter, or press ? or * to list all spells.
Aiming: Force Lance
Press: ? - help, Shift-Dir - straight line, f/p - Snorg
Aim: Snorg (flame, almost dead, berserk, fast, unusually strong)
The lance of force hits Snorg.
Snorg is almost dead.
Snorg is knocked back by the lance of force.
Snorg slams into the rock wall!
Sif Muna grants you divine energy.
You briefly lose access to your magic!
Snorg is engulfed in blazing flames.
Snorg bites you! Snorg claws you!!
* * * LOW HITPOINT WARNING * * *
Snorg closely misses you.
The orc warrior hits you with a vampiric war axe!!
You die...

#.# #..o[######.##.##.# #.#
#...T##..##.#.....# #.#
#...[#..#.###..#### #.#
#...)......##..# #.#
##)#.##.....##.# #.#####
#.#.o......########### #.....#
#.####.....#8#...#.... #####.#
#.# #To......'.>.##### #.#
#.###@.....#8#...# #.#
#..........####### #####.#
####.#.....### #.# #.....#
#.....###.# #.# #...###
#...#####.# #.# ##...#### #.#.#
#.#.###.##### ........#
#.#.###.#.#........
........#######..##...#.#.#.#####
.............##.##.#.##.#.#.[####


You could see Snorg (berserk) and an orc warrior.

Vanquished Creatures
  Fannar (D:11)
  A two-headed ogre (D:10)
  Urug (D:11)
  A slime creature (D:12)
  4 cyclopes
  The ghost of Gaplan the Chopper, a novice MiBe of Trog (D:5)
  A water nymph (shapeshifter) (D:11)
  A gargoyle (D:10)
  A centaur skeleton (D:12)
  2 kobold demonologists
  2 trolls
  Prince Ribbit (D:7)
  A hornet (D:12)
  3 hippogriffs
  A spriggan (D:7)
  4 wyverns
  Grum (D:11)
  A wraith (D:11)
  4 yaks (D:9)
  3 hungry ghosts
  The ghost of loom the Magician, an amateur NaWz (D:4)
  A water moccasin (D:9)
  Duvessa (D:7)
  7 sky beasts
  5 ice beasts
  An eye of draining (D:11)
  6 orc warriors
  A phantom (D:7)
  6 ogres
  2 necrophages
  9 centaurs
  3 wolves
  10 big kobolds (D:10)
  A wyvern zombie (D:12)
  6 bullfrogs
  A gnoll sergeant (D:9)
  Dowan (D:7)
  A scorpion (D:10)
  4 killer bees (D:7)
  4 wights (D:11)
  3 howler monkeys
  5 crimson imps
  A bullfrog zombie (D:10)
  4 jellies
  A centaur zombie (D:5)
  7 hounds
  12 orc wizards
  2 bullfrog skeletons
  2 orc priests
  4 iguanas
  9 worker ants
  2 hound zombies
  A howler monkey zombie (D:6)
  Robin (D:4)
  A worker ant zombie (D:10)
  18 adders
  14 gnolls
  2 shadow imps
  2 oozes
  3 adder skeletons
  6 worms
  3 dart slugs
  6 leopard geckos
  50 orcs
  4 ball pythons
  6 bats
  19 giant cockroaches
  14 goblins
  13 hobgoblins
  19 jackals
  9 kobolds
  5 quokkas
  8 frilled lizards
  A jackal zombie (D:7)
  A leopard gecko skeleton (D:5)
  A quokka skeleton (D:8)
  2 quokka zombies
  5 rats
372 creatures vanquished.

Notes
Turn   | Place    | Note
-------+----------+-------------------------------------------
     0 | D:1      | Syrinius the Draconian Conjurer began the quest for the Orb.
     0 | D:1      | Reached XP level 1. HP: 14/14 MP: 3/3
   141 | D:1      | Reached XP level 2. HP: 22/22 MP: 0/5
   153 | D:1      | Learned a level 2 spell: Searing Ray
   546 | D:1      | Reached skill level 1 in Fighting
   797 | D:1      | Reached XP level 3. HP: 28/28 MP: 1/6
  1498 | D:2      | Reached XP level 4. HP: 32/35 MP: 2/7
  1586 | D:2      | Found a sacrificial altar of Ru.
  1586 | D:2      | Found a hazy altar of Hepliaklqana.
  1628 | D:2      | Found an ancient bone altar of Kikubaaqudgha.
  1632 | D:2      | Reached skill level 5 in Conjurations
  1706 | D:2      | Found a bloodstained altar of Trog.
  1905 | D:2      | Found an opulent altar of Gozag.
  1908 | D:2      | Found a shattered altar of Ashenzari.
  1921 | D:2      | Found a deep blue altar of Sif Muna.
  1929 | D:2      | Became a worshipper of Sif Muna the Loreminder
  2333 | D:3      | Reached XP level 5. HP: 35/41 MP: 0/9
  2646 | D:3      | Found a hide-covered altar of Uskayaw.
  2648 | D:3      | Noticed a dagger
  2648 | D:3      | Noticed a hand axe
  3470 | D:4      | Learned a level 4 spell: Iskenderun's Mystic Blast
  3617 | D:4      | Got a smoking cloak
  3630 | D:4      | Identified the +0 cloak of Autotheism {rElec rN+ Int+3} (You found it on level 4 of the Dungeon)
  3714 | D:4      | Noticed an ogre
  3808 | D:4      | Reached XP level 6. HP: 50/50 MP: 2/10
  4035 | D:4      | Noticed Robin
  4036 | D:4      | Reached * piety under Sif Muna
  4061 | D:4      | Killed Robin
  4232 | D:4      | Noticed loom's ghost (amateur NaWz)
  4252 | D:4      | Killed loom's ghost
  4252 | D:4      | Reached skill level 6 in Conjurations
  4252 | D:4      | Your scales start taking on a fiery red colour.
  4252 | D:4      | Reached XP level 7. HP: 54/57 MP: 1/12
  4252 | D:4      | Gained mutation: Your flesh is heat resistant. (rF+) [Red Draconian growth]
  4517 | D:5      | Entered Level 5 of the Dungeon
  4627 | D:5      | Reached skill level 7 in Conjurations
  4673 | D:5      | Reached XP level 8. HP: 57/67 MP: 8/14
  4713 | D:5      | Noticed Gaplan's ghost (novice MiBe)
  4976 | D:5      | Reached skill level 5 in Fighting
  5187 | D:5      | Reached ** piety under Sif Muna
  5252 | D:5      | Killed Gaplan's ghost
  5252 | D:5      | Reached skill level 5 in Dodging
  5252 | D:5      | Reached skill level 5 in Spellcasting
  5763 | D:6      | Found a staircase to the Ecumenical Temple.
  5771 | D:6      | Found a burning altar of Makhleb.
  5779 | Temple   | Entered the Ecumenical Temple
  6005 | D:6      | Reached XP level 9. HP: 38/75 MP: 7/16
  6134 | D:6      | Reached skill level 1 in Polearms
  6212 | D:6      | Reached skill level 8 in Conjurations
  6902 | D:7      | Noticed Prince Ribbit
  6914 | D:7      | Killed Prince Ribbit
  7496 | D:7      | Noticed Duvessa
  7511 | D:7      | Killed Duvessa
  7512 | D:7      | Noticed Dowan
  7517 | D:7      | Killed Dowan
  7680 | D:7      | Found Fevic's General Store.
  7752 | D:7      | Reached XP level 10. HP: 86/86 MP: 15/19
  7891 | D:8      | Reached *** piety under Sif Muna
  7942 | D:8      | Found a staircase to the Lair.
  8342 | D:8      | Gained mutation: Your magical capacity is low. (-10% MP) [mutagenic meat]
  8343 | D:8      | Gained mutation: Your skin changes colour to match your surroundings (Stealth+). [mutagenic meat]
  8344 | D:8      | Gained mutation: You are dopey. (Int -2) [mutagenic meat]
  8345 | D:8      | Gained mutation: Your tail ends in a poisonous barb. [mutagenic meat]
  8346 | D:8      | Lost mutation: You are dopey. (Int -2) [mutagenic meat]
  8347 | D:8      | Gained mutation: You have a beak for a mouth. [mutagenic meat]
  8554 | D:9      | Found Qideinn's Food Shop.
  8677 | D:8      | Reached skill level 9 in Conjurations
  8680 | D:8      | Gained mutation: Your body sometimes deteriorates upon taking damage. [mutagenic meat]
  8682 | D:8      | Gained mutation: You are robust. (+10% HP) [mutagenic meat]
  8683 | D:8      | Gained mutation: Your system is resistant to poisons. (rPois) [mutagenic meat]
 10059 | D:10     | Entered Level 10 of the Dungeon
 10128 | D:10     | Reached skill level 5 in Polearms
 10500 | D:10     | Reached XP level 11. HP: 93/104 MP: 9/19
 10565 | D:10     | Gained mutation: You evolve. [mutagenic meat]
 10566 | D:10     | Gained mutation: You can translocate small distances at will. [mutagenic meat]
 10567 | D:10     | Lost mutation: Your body sometimes deteriorates upon taking damage. [mutagenic meat]
 10568 | D:10     | Lost mutation: You are robust. (+10% HP) [mutagenic meat]
 10731 | D:10     | Reached **** piety under Sif Muna
 10913 | D:10     | Gained mutation: Your flesh is very heat resistant. (rF++) [evolution]
 11220 | D:11     | Noticed Grum
 11233 | D:11     | Killed Grum
 11494 | D:11     | Noticed Fannar
 11551 | D:10     | Noticed a two-headed ogre
 11641 | D:10     | Killed a two-headed ogre
 11760 | D:11     | Killed Fannar
 11760 | D:11     | Reached skill level 10 in Conjurations
 12100 | D:11     | Learned a level 4 spell: Force Lance
 12272 | D:11     | Found a staircase to the Orcish Mines.
 12431 | D:11     | Reached skill level 1 in Translocations
 12445 | D:11     | Noticed Urug
 12480 | D:11     | Killed Urug
 13386 | D:12     | Reached ***** piety under Sif Muna
 13386 | D:12     | Received a gift from Sif Muna
 13696 | D:12     | Reached XP level 12. HP: 43/106 MP: 0/21
 14027 | D:12     | Noticed a seven-headed hydra
 14110 | D:11     | Noticed Snorg
 14181 | D:11     | Slain by an orc warrior

Skill      XL: |  1  2  3  4  5  6  7  8  9 10 11 12 |
---------------+-------------------------------------+-----
Fighting       | 1 2 3 4 5 7 8 9 |  9.7
Dodging        | 2 3 4 5 6 7 8 |  8.5
Conjurations   | 5 6 7 8 9 10 | 10.6
Spellcasting   | 3 4 5 6 7 8 |  8.4
Polearms       | 3 5 7 |  7.1
Translocations | 2 3 |  3.1
Stealth        | |  1.7

Action                   |  1- 3 |  4- 6 |  7- 9 | 10-12 || total
-------------------------+-------+-------+-------+-------++-------
Melee: Unarmed           |    61 |       |       |       ||    61
       Tailslap          |     7 |    13 |    10 |    12 ||    42
       Spear             |     1 |   201 |   118 |   183 ||   503
       Peck              |       |       |       |    22 ||    22
 Cast: Magic Dart        |    61 |    30 |    54 |    80 ||   225
       Searing Ray       |     4 |    21 |    43 |    51 ||   119
       Iskenderun's Myst |       |     5 |    29 |   138 ||   172
       Force Lance       |       |       |       |    37 ||    37
Invok: Divine Energy     |       |     1 |       |       ||     1
 Abil: Breathe Fire      |       |       |     1 |    16 ||    17
       Blink             |       |       |       |     2 ||     2
  Use: Scroll            |     1 |     8 |     4 |     5 ||    18
       Potion            |       |     1 |       |       ||     1
 Stab: Sleeping          |       |     3 |       |     1 ||     4
  Eat: Chunk             |     3 |    11 |    12 |    42 ||    68
       Royal jelly       |       |       |     2 |     2 ||     4
       Fruit             |       |       |       |     4 ||     4
       Bread ration      |       |       |       |     1 ||     1
Armor: Skin              |    15 |   127 |    77 |    80 ||   299
Dodge: Dodged            |    35 |   229 |   138 |   279 ||   681
